 Dungeon Crawl Stone Soup version 0.25-a0-426-g7d9e569eea (webtiles) character file.

Game seed: 11001746382365993622, levelgen mode: deterministic

2898 Linuka the Covert (level 9, -6/61 HPs)
             Began as an Octopode Assassin on Jan 25, 2020.
             Mangled by an orc warrior
             ... wielding a +0 long sword
              (20 damage)
             ... on level 7 of the Dungeon.
             The game lasted 00:22:41 (7010 turns).

Linuka the Covert (Octopode Assassin)               Turns: 7010, Time: 00:22:42

Health: -6/61      AC:  1    Str: 16    XL:     9   Next: 77%
Magic:  9/9        EV: 17    Int: 13    God:
Gold:   454        SH:  6    Dex: 23    Spells: 8/8 levels left

rFire    + . .     SeeInvis .   v - +4 rapier of the Philosopher {pain, Str+5 Dex+4}
rCold    . . .     Gourm    .   x - +0 buckler (curse)
rNeg     + . .     Faith    .   (helmet restricted)
rPois    .         Spirit   .   (no amulet)
rElec    .         Reflect  .   j - +3 ring of dexterity
rCorr    .         Harm     .   N - ring of positive energy {rN+}
MR       .....                  F - ring of protection from fire
Stlth    ++++++....             (no ring)
HPRegen  0.20/turn              (no ring)
MPRegen  0.11/turn              (no ring)
                                (no ring)
                                (no ring)

@: no status effects
A: almost no armour, stealthy swim, amphibious, 8 rings, constrict 8, camouflage
1, gelatinous body 1
a: no special abilities


You were on level 7 of the Dungeon.
You were not hungry.

You visited 1 branch of the dungeon, and saw 7 of its levels.

You collected 454 gold pieces.

Inventory:

Hand Weapons
 a - a +2 dagger
 v - the +4 rapier of the Philosopher (weapon) {pain, Str+5 Dex+4}
   (You found it on level 4 of the Dungeon)

   In the hands of one skilled in necromantic magic, it inflicts extra damage on
   living creatures.
   It affects your strength (+5).
   It affects your dexterity (+4).
Missiles
 b - 27 poisoned darts (quivered)
 c - 2 curare-tipped darts
 o - 7 javelins
 Q - 116 stones
Armour
 x - a cursed +0 buckler (worn)
Jewellery
 j - a +3 ring of dexterity (left tentacle)
 F - a ring of protection from fire (on tentacle)
 N - a ring of positive energy (right tentacle) {rN+}
Wands
 d - a wand of disintegration (14)
 r - a wand of iceblast (6)
Scrolls
 e - a scroll of fear
 f - 2 scrolls of magic mapping {!r}
 g - 5 scrolls of remove curse
 i - 3 scrolls of identify
 m - a scroll of fog {unknown}
 n - 3 scrolls of immolation {unknown}
 p - a scroll of amnesia {unknown}
 t - a scroll of enchant weapon {unknown}
 y - a scroll of random uselessness {unknown}
 z - a scroll of silence {unknown}
 A - a scroll of blinking {unknown}
 B - a scroll of teleportation {unknown}
 C - a scroll of enchant armour {unknown}
Potions
 k - a potion of brilliance {unknown}
 l - a potion of curing
 s - a potion of mutation {unknown}
 u - a potion of degeneration {unknown}
 w - a potion of agility {unknown}
 D - a potion of ambrosia {unknown}
 E - a potion of flight {unknown}
 H - a potion of might {unknown}
Comestibles
 q - 4 rations
 G - a chunk of flesh


   Skills:
 + Level 5.4 Fighting
 * Level 7.5 Short Blades
 + Level 5.2 Throwing
 + Level 5.2 Dodging
 + Level 9.1 Stealth
 + Level 3.7 Shields


You had 8 spell levels left.
You didn't know any spells.
Your spell library contained the following spells:

 Spells                   Type           Power        Failure   Level  Hunger
 Beastly Appendage        Tmut           #.....       32%         1    ##.....
 Sticks to Snakes         Tmut           #.......     43%         2    ###....
 Confusing Touch          Hex            #.......     67%         3    ####...
 Gell's Gravitas          Tloc           #.........   67%         3    ####...
 Spider Form              Tmut/Pois      #.........   67%         3    ####...
 Ice Form                 Ice/Tmut       #.......     97%         4    #####..
 Petrify                  Tmut/Erth      #.......     97%         4    #####..
 Blade Hands              Tmut           #.........   100%        5    ######.
 Metabolic Englaciation   Hex/Ice        #.........   100%        5    ######.
 Yara's Violent Unravell  Hex/Tmut       #.........   100%        5    ######.


Dungeon Overview and Level Annotations

Branches:
Dungeon (7/15)
 Temple: D:4-7

Altars:
Nemelex Xobeh


Innate Abilities, Weirdness & Mutations

You cannot wear most types of armour.
You are very stealthy in the water. (Stealth+)
You are amphibious.
You can wear up to eight rings at the same time.
You can use your tentacles to constrict eight enemies at once.
Your skin changes colour to match your surroundings (Stealth+).
Your rubbery body absorbs attacks. (AC +1, EV +1)


Message History

You block the orc warrior's attack.
You take 20 damage, and have 17/61 hp.
MASSIVE DAMAGE!!
You release your grip on the orc warrior.
You feel much better.
An orc comes into view. It is wielding a +0 whip.
The orc warrior hits you with a +0 long sword!!
* * * LOW HITPOINT WARNING * * *
You regained 7 hp, and now have 24/61 hp.
The orc shouts!
You hit the orc warrior. The orc warrior blocks your attack.
The orc warrior blocks your attack. x2
You squeeze the orc warrior, but do no damage.
The orc warrior hits you with a +0 long sword!!
* * * LOW HITPOINT WARNING * * *
You take 19 damage, and have 6/61 hp.
MASSIVE DAMAGE!!
It was a potion of curing.
You feel better.
The orc warrior hits you with a +0 long sword!!
You die...

#.... .... .... ....
... ..... .... #o.
..... #.... ..
...... #.<##
#.##...### #...#
#.oZ...... #...##
#o# #....###@#
#.....##.## #
#.........#.#
#.........#.## ###
####.......... ...
###............. ...
#####...#.......#.#.
...
#......##.......#...
.#.#.
#.........#.###.##..
.. .....


You could see 2 orc warriors, an orc and a bullfrog zombie.

Levels and vault maps discovered:
D:1:      evilmike_arrival_rings, layout_basic
D:2:      layout_loops_ring, first_ration
D:3:      wad_crossroads, layout_loops_ring, nemelex_xobeh_ov_fountains_minmay
D:4:      kb_forest_paths, layout_loops_ring
D:5:      minmay_opposing_rooms, layout_basic, kennysheep_generic_room_16
D:6:      layout_layer_cave, uniq_sigmund
D:7:      layout_rooms, minmay_temple_entry_nine_rooms,
          minmay_stone_trees_small, sword_in_stone

Notes
Turn   | Place    | Note
-------+----------+-------------------------------------------
     0 | D:1      | Linuka the Octopode Assassin began the quest for the Orb.
     0 | D:1      | Reached XP level 1. HP: 14/14 MP: 1/1
   267 | D:1      | Identified a +0 dagger
   273 | D:1      | Reached XP level 2. HP: 19/19 MP: 2/2
   311 | D:1      | Identified a +0 whip
   406 | D:1      | Identified a +0 short sword
   470 | D:1      | Identified a +0 dagger
   482 | D:1      | Identified a ring of dexterity (You found it on level 1 of
                  | the Dungeon)
   708 | D:1      | Identified a +0 short sword
   786 | D:1      | Identified a +0 dagger
  1012 | D:2      | Reached XP level 3. HP: 18/25 MP: 3/3
  1099 | D:2      | Identified a +0 dagger
  1115 | D:2      | Identified a +0 club
  1200 | D:2      | Identified a ring of positive energy (You found it on level
                  | 2 of the Dungeon)
  1226 | D:2      | Identified a cursed -1 dagger
  1720 | D:3      | Found a sparkling altar of Nemelex Xobeh.
  1755 | D:3      | Identified a +0 club
  1773 | D:3      | Reached skill level 3 in Short Blades
  1773 | D:3      | Reached XP level 4. HP: 30/30 MP: 4/4
  1797 | D:3      | Identified a ring of attention (You found it on level 3 of
                  | the Dungeon)
  1921 | D:3      | Identified 2 scrolls of magic mapping
  1922 | D:3      | Identified 2 scrolls of identify
  1922 | D:3      | Identified 2 potions of heal wounds
  1923 | D:3      | Identified 2 scrolls of remove curse
  2004 | D:3      | Reached skill level 2 in Dodging
  2054 | D:3      | Identified a +0 dagger
  2081 | D:3      | Identified a +0 leather armour
  2093 | D:3      | Identified a +0 club
  2099 | D:3      | Reached skill level 6 in Stealth
  2103 | D:3      | Identified a +0 dagger
  2282 | D:3      | Identified a +0 club
  2326 | D:3      | Identified a +0 dagger
  2435 | D:3      | Identified a +0 club
  2438 | D:3      | Reached XP level 5. HP: 35/35 MP: 5/5
  2541 | D:4      | Got a dazzling rapier
  2542 | D:4      | Identified the +4 rapier of the Philosopher {pain, Str+5
                  | Dex+4} (You found it on level 4 of the Dungeon)
  2760 | D:4      | Reached skill level 3 in Fighting
  2760 | D:4      | Reached XP level 6. HP: 36/42 MP: 6/6
  2926 | D:4      | Identified a +0 dagger
  2926 | D:4      | Identified a +0 robe
  2927 | D:4      | Identified a +0 whip
  2928 | D:4      | Identified a +0 leather armour
  2928 | D:4      | Identified a cursed -3 dagger
  2928 | D:4      | Identified a +0 robe
  2931 | D:4      | Reached skill level 4 in Short Blades
  2998 | D:4      | Identified a +0 short sword
  2998 | D:4      | Identified a +3 leather armour
  2998 | D:4      | Identified a +0 hand axe
  3187 | D:4      | Noticed a phantom
  3197 | D:4      | Killed a phantom
  3299 | D:4      | Reached skill level 3 in Throwing
  3300 | D:4      | Reached skill level 3 in Dodging
  3300 | D:4      | Reached XP level 7. HP: 39/46 MP: 7/7
  3590 | D:5      | Entered Level 5 of the Dungeon
  3762 | D:5      | Reached skill level 7 in Stealth
  3770 | D:5      | Reached skill level 5 in Short Blades
  3897 | D:5      | Identified a cursed +0 buckler (You found it on level 5 of
                  | the Dungeon)
  4027 | D:5      | Identified a +0 ring mail
  4042 | D:5      | Identified a +0 whip
  4237 | D:5      | Identified a ring of protection from fire (You found it on
                  | level 5 of the Dungeon)
  4244 | D:5      | Identified a +1 falchion of electrocution (You found it on
                  | level 5 of the Dungeon)
  4340 | D:5      | Reached skill level 1 in Shields
  4345 | D:5      | Reached XP level 8. HP: 47/54 MP: 8/8
  4524 | D:5      | Reached skill level 4 in Fighting
  4770 | D:6      | Identified a +0 scythe
  4770 | D:6      | Identified a +0 robe
  4770 | D:6      | Noticed Sigmund
  4776 | D:6      | Killed Sigmund
  4792 | D:6      | Reached skill level 4 in Throwing
  4876 | D:6      | Identified a +0 shortbow
  4879 | D:6      | Reached skill level 4 in Dodging
  4894 | D:6      | Reached skill level 6 in Short Blades
  4894 | D:6      | Reached skill level 2 in Shields
  5157 | D:6      | Identified 2 scrolls of fear
  5416 | D:6      | Reached skill level 8 in Stealth
  5433 | D:6      | Identified a +0 shortbow
  5635 | D:6      | Identified a +0 leather armour
  5636 | D:6      | Identified a +0 dagger
  5636 | D:6      | Identified a +0 robe
  5636 | D:6      | Identified a +0 mace
  5636 | D:6      | Identified a +0 leather armour
  5636 | D:6      | Identified a +0 dagger
  5636 | D:6      | Identified a +0 robe
  5646 | D:6      | Reached XP level 9. HP: 58/59 MP: 9/9
  5675 | D:6      | Identified a +0 scale mail
  5682 | D:6      | Identified a cursed +7 dire flail
  5682 | D:6      | Identified a +0 robe
  5689 | D:6      | Identified a +0 spear
  5689 | D:6      | Identified a +0 robe
  5707 | D:6      | Identified a cursed +0 halberd
  5707 | D:6      | Identified a cursed +0 robe
  6358 | D:7      | Reached skill level 3 in Shields
  6550 | D:7      | Identified a +0 dagger of draining
  6551 | D:7      | Identified a +0 dagger
  6551 | D:7      | Identified a +0 chain mail
  6553 | D:7      | Identified a +0 war axe
  6553 | D:7      | Identified a +0 plate armour
  6554 | D:7      | Identified a +0 morningstar
  6554 | D:7      | Identified a +0 scale mail
  6558 | D:7      | Reached skill level 5 in Fighting
  6560 | D:7      | Reached skill level 7 in Short Blades
  6648 | D:7      | Identified a +0 falchion
  6649 | D:7      | Identified a +0 leather armour
  6652 | D:7      | Identified a +4 short sword of electrocution
  6652 | D:7      | Identified a +0 plate armour
  6652 | D:7      | Identified a +0 hand axe
  6758 | D:7      | Identified a cursed +3 scimitar
  6758 | D:7      | Identified a +0 robe
  6762 | D:7      | Identified a cursed +0 falchion
  6762 | D:7      | Identified a cursed +0 robe
  6762 | D:7      | Identified a +0 mace
  6762 | D:7      | Identified a +0 robe
  6762 | D:7      | Identified a +2 mace of draining
  6762 | D:7      | Identified a +0 robe
  6762 | D:7      | Identified a +4 great sword
  6762 | D:7      | Identified a cursed +0 robe
  6764 | D:7      | Reached skill level 5 in Throwing
  6765 | D:7      | Identified a +3 falchion
  6765 | D:7      | Identified a cursed -2 robe
  6765 | D:7      | Identified a cursed +0 vorpal mace
  6765 | D:7      | Identified a +0 robe
  6768 | D:7      | Reached skill level 5 in Dodging
  6778 | D:7      | Identified a +4 spear of freezing
  6778 | D:7      | Identified a +0 robe
  6808 | D:7      | HP: 15/61 [wight/+4 spear of freezing (1)]
  6812 | D:7      | Reached skill level 9 in Stealth
  6986 | D:7      | Identified a +0 trident
  6986 | D:7      | Identified a +0 scale mail
  6986 | D:7      | Identified a +0 shield
  6987 | D:7      | Identified a +0 great sword
  6987 | D:7      | Identified a cursed +0 plate armour
  6988 | D:7      | Identified a +0 rapier
  6988 | D:7      | Identified a +0 leather armour
  6988 | D:7      | Noticed Eustachio
  6991 | D:7      | Identified a +0 long sword
  6991 | D:7      | Identified a +0 chain mail
  6991 | D:7      | Identified a +0 shield
  7003 | D:7      | Killed Eustachio
  7007 | D:7      | Identified a +0 whip
  7009 | D:7      | HP: 6/61 [orc warrior/+0 long sword (19)]
  7010 | D:7      | Identified 2 potions of curing
  7010 | D:7      | Mangled by an orc warrior

Table legend:
 A = Turns spent in this place as a percentage of turns spent in the entire game.
 B = Non-inter-level travel turns spent in this place as a percentage of non-inter-level travel turns spent in the entire game.
 C = Inter-level travel turns spent in this place as a percentage of turns spent in this place.
 D = Turns resting spent in this place as a percentage of non-inter-level travel turns spent in this place.
 E = Turns spent auto-exploring this place as a percentage of non-inter-level travel turns spent in this place.
 F = Non-inter-level travel turns spent in this place divided by the number of levels of this place that you've seen.
                   A       B       C       D       E      F
               +-------+-------+-------+-------+-------+----------------------
         Total | 100.0 | 100.0 |   4.5 |   5.5 |  78.9 | 956.7
       Dungeon | 100.0 | 100.0 |   4.5 |   5.5 |  78.9 | 956.7
               +-------+-------+-------+-------+-------+----------------------

Table legend:
 A = Kills in this place as a percentage of kills in entire the game.
 B = Kills by you in this place as a percentage of kills by you in the entire game.
 C = Kills by friends in this place as a percentage of kills by friends in the entire game.
 D = Other kills in this place as a percentage of other kills in the entire game.
 E = Experience gained in this place as a percentage of experience gained in the entire game.
 F = Experience gained in this place divided by the number of levels of this place that you have seen.
                   A       B       C       D       E      F
               +-------+-------+-------+-------+-------+----------------------
         Total | 100.0 | 100.0 |   N/A |   N/A | 100.0 | 591.4
       Dungeon | 100.0 | 100.0 |   N/A |   N/A | 100.0 | 591.4
               +-------+-------+-------+-------+-------+----------------------

Skill      XL: |  1  2  3  4  5  6  7  8  9 |
---------------+----------------------------+-----
Short Blades   | 3 4 5 6 7 |  7.5
Dodging        | 2 3 4 5 |  5.2
Stealth        | 6 7 8 9 |  9.1
Fighting       | 3 4 5 |  5.4
Throwing       | 3 4 5 |  5.2
Shields        | 1 2 3 |  3.7

Action                   |  1- 3 |  4- 6 |  7- 9 || total
-------------------------+-------+-------+-------++-------
Melee: Dagger            |    54 |    39 |       ||    93
       Constrict         |    10 |    19 |    45 ||    74
       Tentacles         |     5 |    15 |    62 ||    82
       Rapier            |       |    28 |   198 ||   226
  Use: Scroll            |       |     3 |     2 ||     5
       Potion            |       |       |     3 ||     3
 Stab: Sleeping          |    20 |    12 |    14 ||    46
  Eat: Chunk             |     3 |     4 |     5 ||    12
       Ration            |       |       |     2 ||     2
Armor: Skin              |     1 |     4 |     1 ||     6
Dodge: Dodged            |    20 |    29 |   102 ||   151
Block: Buckler           |       |       |    40 ||    40

Vanquished Creatures
  Sigmund (D:6)
  Eustachio (D:7)
  A black bear (D:7)
  2 orc warriors (D:7)
  A sky beast (D:6)
  A necrophage (D:5)
  2 phantoms
  2 centaurs (D:6)
  3 bullfrogs
  A gnoll sergeant (D:7)
  5 scorpions
  11 wights
  A howler monkey (D:4)
  A crimson imp (D:6)
  A bullfrog skeleton (D:5)
  A jelly (D:5)
  An orc priest (D:7)
  5 hounds
  4 orc wizards
  A centaur skeleton (D:4)
  An iguana (D:6)
  7 worker ants
  A howler monkey zombie (D:6)
  4 adders
  3 shadow imps
  2 oozes (D:3)
  An adder skeleton (D:4)
  2 adder zombies
  4 worms
  2 dart slugs
  2 leopard geckos
  17 orcs
  2 giant cockroaches
  11 goblins
  4 hobgoblins
  10 jackals
  7 kobolds
  2 quokkas
  16 bats
  6 frilled lizards
  A quokka skeleton (D:7)
  5 rats
156 creatures vanquished.
